 Dungeon Crawl Stone Soup version 0.31-a0-232-gb1c03b2570 (webtiles) character file.

Game seed: 8175870649290418452

255 qw the Shooter (level 6, -1/37 HPs)
             Began as a Gargoyle Hexslinger on July 7, 2023.
             Slain by Edmund
             ... wielding a +1 dire flail of venom
              (9 damage)
             ... on level 4 of the Dungeon.
             The game lasted 00:01:27 (2946 turns).

qw the Shooter (Gargoyle Hexslinger)                Turns: 2946, Time: 00:01:28

Health: -1/37      AC: 11    Str: 11    XL:     6   Next: 15%
Magic:  7/7        EV: 10    Int: 14    God:
Gold:   137        SH:  5    Dex: 14    Spells: 6/7 levels left

rFire   . . .        Y - +1 sling
rCold   . . .        (no shield)
rNeg    + . .        e - +0 ring mail
rPois   inf          (no helmet)
rElec   +            (no cloak)
rCorr   .            b - +1 pair of gloves
SInv    .            (no boots)
Will    .....        g - amulet of reflection
Stlth   +            (no ring)
HPRegen 0.26/turn    (no ring)
MPRegen 0.10/turn

%: reflection
@: about to teleport
A: sickness immunity, AC +4, negative energy resistance 1, electricity
resistance, torment resistance 1, petrification resistance
a: no special abilities


You were on level 4 of the Dungeon.
You visited 1 branch of the dungeon, and saw 4 of its levels.
You also visited: Sewer.

You collected 137 gold pieces.


Innate Abilities, Weirdness & Mutations

You are immune to sickness and miasma.
Your stone body is resilient. (AC +4)
You are immune to poison.
You resist negative energy. (rN+)
You are resistant to electric shocks. (rElec)
You are resistant to unholy torment.
You are immune to petrification.


   Skills:
 - Level 3.2 Fighting
 + Level 5.4 Ranged Weapons
 - Level 1.0 Armour
 - Level 1.5 Dodging
 - Level 1.0 Spellcasting
 - Level 2.6 Hexes


You had 6 spell levels left.
You knew the following spells:

 Your Spells              Type           Power      Damage    Failure   Level
a - Slow                  Hex            32%        N/A       21%         1

Your spell library contained the following spells:

 Spells                   Type           Power      Damage    Failure   Level
 Inner Flame              Hex/Fire       4%         N/A       71%         3
 Portal Projectile        Hex/Tloc       8%         N/A       71%         3
 Cause Fear               Hex            4%         N/A       90%         4

Inventory:

Hand Weapons
 Y - a +1 sling (weapon)
Armour
 b - a +1 pair of gloves (worn)
 e - a +0 ring mail (worn)
Jewellery
 a - a ring of magical power
 g - an amulet of reflection (around neck)
Scrolls
 d - a scroll of teleportation
 f - a scroll of immolation {unknown}
Potions
 c - 6 potions of enlightenment
 h - a potion of curing {unknown}

Dungeon Overview and Level Annotations

Branches:
Dungeon (4/15)              Sewer (visited)
 Temple: D:4-7

Altars:

Annotations:
D:4 Edmund


Message History

Enter note:
Enter note:
Enter note: You shoot a sling bullet.
Edmund shouts!
The sling bullet hits Edmund.
Edmund is lightly wounded.
You shoot a sling bullet.
The sling bullet hits Edmund but does no damage.
Edmund is lightly wounded.
You shoot a sling bullet. The sling bullet closely misses Edmund.
You shoot a sling bullet.
The sling bullet hits Edmund but does no damage.
You shoot a sling bullet. The sling bullet closely misses Edmund.
Edmund hits you but does no damage.
You shoot a sling bullet. The sling bullet hits Edmund.
Edmund is lightly wounded.
Edmund hits you with a +1 dire flail of venom.
Edmund hits you with a +1 dire flail of venom!
You shoot a sling bullet. The sling bullet hits Edmund.
Edmund is lightly wounded.
Edmund completely misses you.
You shoot a sling bullet. The sling bullet hits Edmund.
Edmund is lightly wounded.
Edmund hits you with a +1 dire flail of venom!
You shoot a sling bullet. The sling bullet barely misses Edmund.
Edmund hits you with a +1 dire flail of venom!
You shoot a sling bullet.
The sling bullet hits Edmund but does no damage.
Edmund is lightly wounded.
Edmund hits you with a +1 dire flail of venom.
Edmund hits you but does no damage.
2945 ||| READING 2 scrolls of teleportation.
As you read the scroll of teleportation, it crumbles to dust.
You feel strangely unstable.
Edmund hits you with a +1 dire flail of venom.
You shoot a sling bullet. The sling bullet hits Edmund.
Edmund is moderately wounded.
Edmund hits you with a +1 dire flail of venom!
You die...

..... ..... ... ..# .....
.. ...# ..... ) .. ...#
..... #. #. ...#
##+#######..##.####...##
.......................#
................@......#
................@......#
#'###..###....###..##+##
.)###..##########..##.##.
..)....................."
.........................
.........................
#'####+##....###...##....
.....#.##....# ##### ....
.....#.......# ###


You could see Edmund.

Vanquished Creatures
  Natasha (twice) (D:3 D:2)
  A malarious merfolk avatar (Sewer)
  A sickly merfolk siren (Sewer)
  6 adders
  4 worms
  4 orcs (D:4)
  7 endoplasms
  4 giant cockroaches
  9 hobgoblins
  4 kobolds
  2 quokkas (D:2)
  14 ball pythons
  7 bats
  7 frilled lizards
  5 goblins
  28 rats
105 creatures vanquished.

Notes
Turn   | Place    | Note
-------+----------+-------------------------------------------
     0 | D:1      | qw the Gargoyle Hexslinger began the quest for the Orb.
     0 | D:1      | Reached XP level 1. HP: 12/12 MP: 2/2
     0 | D:1      | 0 ||| qw: Version: 0.3-a-46-gb1f654a
     0 | D:1      | 0 ||| qw: Game counter: 2432
     0 | D:1      | 0 ||| qw: Melee chars always use a shield: true
     0 | D:1      | 0 ||| qw: God list: Okawaru
     0 | D:1      | 0 ||| qw: Allow faded altars: false
     0 | D:1      | 0 ||| qw: Do Orc after clearing Dungeon:15 true
     0 | D:1      | 0 ||| qw: Do second Lair branch before Depths: true
     0 | D:1      | 0 ||| qw: Lair rune preference: random
     0 | D:1      | 0 ||| qw: Goals: Normal
     0 | D:1      | 0 ||| PLANNING D:1-11
   351 | D:1      | Reached XP level 2. HP: 16/16 MP: 3/3
   634 | D:1      | Reached skill level 3 in Ranged Weapons
   772 | D:1      | 772 ||| UPGRADING to amulet of reflection.
   777 | D:1      | 777 ||| DROPPING amulet of magic regeneration.
   778 | D:1      | 778 ||| READING scroll labelled QEPEAXZ MIRE.
   779 | D:1      | 779 ||| READING scroll labelled YSUOHU KUHOUL.
   783 | D:1      | 783 ||| READING scroll labelled FYDYTHR IWKAWN.
   784 | D:1      | 784 ||| READING scroll labelled YCOENA HYFIA.
   785 | D:1      | 785 ||| DROPPING scroll of poison.
   826 | D:2      | Reached XP level 3. HP: 21/21 MP: 4/4
   955 | D:2      | HP: 3/21 [frozen (5)]
  1188 | D:2      | Reached XP level 4. HP: 25/26 MP: 5/5
  1208 | D:2      | Reached skill level 4 in Ranged Weapons
  1562 | D:2      | Found a faded altar of an unknown god.
  1741 | D:2      | 1741 ||| UPGRADING to +0 leather armour.
  1751 | D:2      | 1751 ||| DROPPING +0 robe.
  1752 | D:2      | 1752 ||| READING scroll labelled KAG ULIS KASOECLYL.
  1753 | D:2      | 1753 ||| DRINKING 2 clear potions.
  1809 | D:3      | 1809 ||| PLANNING SEWER
  1883 | D:3      | Noticed Natasha
  1895 | D:3      | Killed Natasha
  1937 | D:3      | Noticed Natasha
  1938 | D:3      | 1938 ||| FLEEEEING.
  1939 | D:3      | 1939 ||| FLEEEEING.
  1940 | D:3      | 1940 ||| FLEEEEING.
  1942 | D:3      | 1942 ||| FLEEEEING.
  1943 | D:3      | 1943 ||| FLEEEEING.
  1944 | D:3      | 1944 ||| FLEEEEING.
  1945 | D:3      | 1945 ||| FLEEEEING.
  1947 | D:3      | 1947 ||| FLEEEEING.
  1948 | D:3      | 1948 ||| STAIRDANCE
  1994 | D:3      | 1994 ||| STAIRDANCE
  1998 | D:2      | HP: 5/26 [Natasha/magic dart (4)]
  1999 | D:2      | 1999 ||| DRINKING potion of heal wounds.
  2002 | D:2      | Killed Natasha
  2003 | D:2      | Reached XP level 5. HP: 25/30 MP: 6/6
  2093 | D:3      | Reached skill level 5 in Ranged Weapons
  2117 | D:3      | You fall into a shaft and drop 1 floor!
  2235 | D:3      | Found a glowing drain.
  2238 | D:3      | 2238 ||| UPGRADING to +0 pair of gloves.
  2255 | Sewer    | Entered a sewer
  2257 | Sewer    | 2257 ||| Stepping ~*~*~tactically~*~*~ (water).
  2261 | Sewer    | 2261 ||| Stepping ~*~*~tactically~*~*~ (water).
  2344 | Sewer    | Reached skill level 3 in Fighting
  2447 | Sewer    | 2447 ||| Stepping ~*~*~tactically~*~*~ (water).
  2489 | Sewer    | Reached XP level 6. HP: 37/37 MP: 7/7
  2586 | Sewer    | 2586 ||| UPGRADING to +0 ring mail.
  2596 | Sewer    | 2596 ||| DROPPING +0 leather armour.
  2647 | D:3      | 2647 ||| PLANNING D:1-11
  2657 | D:3      | 2657 ||| READING scroll of enchant armour.
  2657 | D:3      | 2657 ||| ENCHANTING +0 pair of gloves.
  2799 | D:3      | 2799 ||| READING scroll labelled APYOJA JIYHUEL.
  2800 | D:3      | 2800 ||| DRINKING 2 fuming dark potions.
  2801 | D:3      | 2801 ||| DROPPING potion of magic.
  2889 | D:4      | Reached skill level 1 in Armour
  2934 | D:4      | Noticed Edmund
  2944 | D:4      | HP: 8/37 [Edmund/+1 dire flail of venom (4)]
  2945 | D:4      | 2945 ||| READING 2 scrolls of teleportation.
  2946 | D:4      | Slain by Edmund

Levels and vault maps discovered:
D:1:      reono_arrival_forest_river, layout_loops_corners
D:2:      layout_basic, shapermc_ecumenical_altar_hornbeckon, grunt_ministairs_5
D:3:      layout_basic, portal_sewer_entry_a, uniq_natasha
D:4:      layout_gridville, kennysheep_small_square, uniq_edmund

Skill      XL: |  1  2  3  4  5  6 |
---------------+-------------------+-----
Ranged Weapons | 3 4 5 |  5.4
Fighting       | 2 3 |  3.2
Armour         | 1 |  1.0
Dodging        | |  1.5
Spellcasting   | |  1.0
Hexes          | |  2.6

Action                     |  1- 3 |  4- 6 || total
---------------------------+-------+-------++-------
   Fire: Sling             |   115 |   245 ||   360
    Use: Scroll            |     4 |     4 ||     8
         Potion            |       |     3 ||     3
 Armour: Robe              |    26 |     3 ||    29
         Leather armour    |       |    32 ||    32
         Ring mail         |       |    11 ||    11
  Dodge: Dodged            |    49 |    57 ||   106
  Block: Other             |    12 |    38 ||    50
         Reflection        |       |     1 ||     1

Table legend:
 A = Non-vault XP
 B = Vault XP
 C = Vault XP percentage of total XP
 D = Non-vault monster count
 E = Vault monster count
 F = Vault count percentage of total count
                 A         B        C        D         E       F
            +---------+---------+-------+---------+---------+-------
      Total |     190 |     175 |  47.9 |      62 |      43 |  41.0
            +---------+---------+-------+---------+---------+-------
        D:1 |      24 |       0 |   0.0 |      18 |       0 |   0.0
        D:2 |     112 |      14 |  11.1 |      24 |       2 |   7.7
        D:3 |      22 |      46 |  67.6 |      13 |       6 |  31.6
        D:4 |      32 |       0 |   0.0 |       7 |       0 |   0.0
      Sewer |       0 |     115 | 100.0 |       0 |      35 | 100.0
            +---------+---------+-------+---------+---------+-------
